 Dungeon Crawl Stone Soup version 0.22-a0-580-gd5db89c (webtiles) character file.

3675 wellist the Cleaver (level 10, 0/93 HPs)
             Began as a Hill Orc Fighter on July 3, 2018.
             Was a Priest of Makhleb.
             Slain by a hog (9 damage)
             ... on level 8 of the Dungeon.
             The game lasted 00:41:27 (9149 turns).

wellist the Cleaver (Hill Orc Fighter)              Turns: 9149, Time: 00:41:28

Health: 0/93       AC:  8    Str: 23    XL:     10   Next: 13%
Magic:  12/12      EV: 10    Int: 10    God:    Makhleb [***...]
Gold:   420        SH:  0    Dex: 10    Spells: 9/9 levels left

rFire    . . .     SeeInvis .   F - +5 battleaxe
rCold    . . .     Gourm    +   (shield currently unavailable)
rNeg     . . .     Faith    .   b - +0 scale mail
rPois    .         Spirit   .   (no helmet)
rElec    .         Reflect  .   (no cloak)
rCorr    +         Harm     .   (no gloves)
MR       .....                  (no boots)
Stlth    ..........             y - amulet of the gourmand
HPRegen  0.25/turn              r - +2 ring of intelligence
MPRegen  0.13/turn              A - ring of resist corrosion

@: no status effects
A: no striking features
a: Minor Destruction, Lesser Servant of Makhleb, Renounce Religion


You were on level 8 of the Dungeon.
You worshipped Makhleb.
Makhleb was most pleased with you.
You were full.

You visited 1 branch of the dungeon, and saw 8 of its levels.

You collected 420 gold pieces.

Inventory:

Hand Weapons
 a - a +0 war axe
 F - a +5 battleaxe (weapon)
Missiles
 u - 5 tomahawks (quivered)
Armour
 b - a +0 scale mail (worn)
 c - a +0 shield
Jewellery
 r - a +2 ring of intelligence (left hand)
 y - an amulet of the gourmand (around neck)
 A - a ring of resist corrosion (right hand)
Wands
 q - a wand of iceblast (17)
 s - a wand of polymorph (18)
 D - a wand of enslavement (8)
 E - a wand of digging (10)
 H - a wand of random effects (24)
Scrolls
 e - a scroll of fear {unknown}
 i - 3 scrolls of teleportation
 j - a scroll of identify
 l - 2 scrolls of blinking {unknown}
 m - a scroll of noise {unknown}
 n - 3 scrolls of enchant weapon {unknown}
 p - 2 scrolls of fog {unknown}
 t - 4 scrolls of magic mapping
 v - 2 scrolls of immolation {unknown}
 B - 3 scrolls of amnesia {unknown}
 C - 2 scrolls of remove curse
Potions
 d - 2 potions of might
 g - a potion of brilliance {unknown}
 h - a potion of mutation {unknown}
 k - a potion of berserk rage {unknown}
 o - a potion of cancellation
 w - 3 potions of magic
 x - a potion of invisibility {unknown}
 z - 3 potions of lignification
 I - a potion of curing
Comestibles
 f - 12 rations


   Skills:
 * Level 9.9 Fighting
 * Level 10.2 Axes
 * Level 9.0 Armour
 - Level 6.1 Shields
 + Level 3.1 Invocations


You had 9 spell levels left.
You didn't know any spells.
Your spell library was empty.

Dungeon Overview and Level Annotations

Branches:
Dungeon (8/15)             Temple (0/1) D:4
   Lair: D:8-11

Altars:
Dithmenos
Elyvilon
Fedhas
Gozag
Hepliaklqana
Kikubaaqudgha
Makhleb
Sif Muna
Uskayaw
Yredelemnul

Shops:
D:5 [   D:7 (

Annotations:
D:6 exclusion: upstairs


Message History

You barely miss the hog.
The hog is almost dead.
You closely miss the hog. The hog closely misses you. The hog bites you.
* * * LOW HITPOINT WARNING * * *
The hog misses you. The hog bites you.
* * * LOW HITPOINT WARNING * * *
You slash the hog!
You kill the hog!
Makhleb accepts your kill.
You feel better.
Your Armour skill increases to level 9!
You barely miss the hog. The hog bites you.
* * * LOW HITPOINT WARNING * * *
The hog barely misses you. The hog bites you but does no damage.
A demon appears!
You can no longer hurl Makhleb's greater destruction.
The hog bites you.
* * * LOW HITPOINT WARNING * * *
The hog bites you!
You die...

..............#.#
.#.#####.####...#
.........# ##.##
.....###.# #.########
........<# #.##.....#
##.####### ##..#.....#
#.# ##...###'### #.#
#....#hh..%# ##'##
#...3@hp.%%# #...##
#....####### .....##
##.....# # ......##
##.#...## ##
.>.....####...#.######
#.
.......+...............
+.
.......####......######
.. #. ......## ##.#...#
#.# # .....## ####.##
#.# #


You could see 3 hogs, a human and a friendly ynoxinul.

Vanquished Creatures
  A two-headed ogre (D:7)
  Grinder (D:5)
  A hog (D:8)
  Duvessa (D:7)
  A sky beast (D:8)
  An orc warrior (D:7)
  An ice beast (D:5)
  An eye of draining (D:7)
  3 ogres
  2 centaurs
  A big kobold (D:7)
  Blork the orc (D:5)
  4 bullfrogs
  Dowan (D:7)
  5 wights (D:7)
  2 howler monkeys
  A bullfrog zombie (D:5)
  3 crimson imps
  2 jellies
  6 orc priests
  Crazy Yiuf (D:6)
  A hound (D:5)
  10 orc wizards
  An iguana (D:4)
  5 worker ants
  11 adders
  An ooze (D:2)
  An adder skeleton (D:4)
  2 worms
  3 dart slugs
  5 leopard geckos
  21 orcs
  2 ball pythons
  6 bats
  2 giant cockroaches
  8 hobgoblins
  18 jackals
  3 quokkas
  A frilled lizard (D:5)
  A giant cockroach zombie (D:5)
  10 goblins
  14 kobolds
  A quokka skeleton (D:8)
  7 rats
174 creatures vanquished.

Notes
Turn   | Place    | Note
-------+----------+-------------------------------------------
     0 | D:1      | wellist the Hill Orc Fighter began the quest for the Orb.
     0 | D:1      | Reached XP level 1. HP: 19/19 MP: 1/1
   235 | D:1      | Reached skill level 3 in Axes
   235 | D:1      | Reached XP level 2. HP: 27/27 MP: 2/2
   700 | D:1      | Reached XP level 3. HP: 27/33 MP: 3/3
  1243 | D:2      | Found a burning altar of Makhleb.
  1248 | D:2      | Became a worshipper of Makhleb the Destroyer
  1262 | D:2      | Found an opulent altar of Gozag.
  1298 | D:2      | Reached XP level 4. HP: 41/41 MP: 4/4
  1807 | D:2      | Found a hide-covered altar of Uskayaw.
  2219 | D:3      | Reached skill level 4 in Axes
  2311 | D:3      | Reached * piety under Makhleb
  2402 | D:3      | Reached XP level 5. HP: 47/47 MP: 5/5
  3015 | D:3      | Reached skill level 5 in Fighting
  3222 | D:4      | Noticed an ogre
  3325 | D:4      | Killed an ogre
  3325 | D:4      | Reached XP level 6. HP: 20/56 MP: 6/6
  3554 | D:4      | Reached skill level 5 in Axes
  3563 | D:4      | Reached skill level 5 in Armour
  4016 | D:4      | Found a staircase to the Ecumenical Temple.
  4031 | D:4      | Reached ** piety under Makhleb
  4031 | D:4      | Reached XP level 7. HP: 52/62 MP: 7/7
  4503 | D:4      | Found a shadowy altar of Dithmenos.
  4812 | D:5      | Entered Level 5 of the Dungeon
  4812 | D:5      | Noticed Grinder
  4821 | D:4      | Reached skill level 6 in Axes
  5025 | D:5      | Reached XP level 8. HP: 57/71 MP: 8/8
  5053 | D:5      | Noticed Blork the orc
  5065 | D:5      | Killed Blork the orc
  5174 | D:5      | Found Daiclito's Antique Armour Shop.
  5184 | D:5      | Reached skill level 5 in Shields
  5190 | D:5      | Paralysed by Grinder for 5 turns
  5219 | D:5      | Killed Grinder
  5219 | D:5      | Reached skill level 7 in Axes
  5380 | D:5      | Found a white marble altar of Elyvilon.
  5509 | D:5      | Found an ancient bone altar of Kikubaaqudgha.
  5513 | D:5      | Found a blossoming altar of Fedhas.
  5601 | D:5      | Found a hazy altar of Hepliaklqana.
  5914 | D:5      | Noticed a rust devil
  5914 | D:5      | Noticed a rust devil
  6046 | D:6      | Found a runed door.
  6050 | D:6      | Noticed Crazy Yiuf
  6056 | D:6      | Killed Crazy Yiuf
  6367 | D:6      | Found a deep blue altar of Sif Muna.
  6597 | D:7      | Noticed Dowan
  6598 | D:7      | Noticed Duvessa
  6618 | D:7      | Killed Duvessa
  6618 | D:7      | Reached skill level 8 in Axes
  6620 | D:7      | Killed Dowan
  6620 | D:7      | Reached XP level 9. HP: 47/81 MP: 9/9
  7057 | D:7      | Reached *** piety under Makhleb
  7267 | D:7      | Found Oskeirit's Weapon Emporium.
  7652 | D:7      | Reached skill level 9 in Axes
  8185 | D:8      | Reached skill level 1 in Invocations
  8283 | D:8      | Found a basalt altar of Yredelemnul.
  8441 | D:8      | Reached **** piety under Makhleb
  8467 | D:8      | Noticed a two-headed ogre
  8739 | D:7      | Killed a two-headed ogre
  8739 | D:7      | Reached skill level 10 in Axes
  8739 | D:7      | Reached XP level 10. HP: 17/92 MP: 0/12
  9149 | D:8      | Slain by a hog

Vault maps used:
D:1:      nicolae_arrival_memento_mori
D:2:      eat_drink_and_be_merry_uskayaw, old_standard_altar,
          lightli_temple_of_fire
D:3:      first_ration
D:4:      marbit_many_paths, minmay_temple_entry_large_hall
D:5:      cheibrodos_iron_armory, elyvilon_altar_4, kennysheep_little_box,
          kennysheep_mini, kiku_gazebo_pond_becter, serial_shops,
          nicolae_shop_crystal, hangedman_abyss_or_decor_stabs,
          uniq_blork_the_orc, uniq_grinder
D:6:      kennysheep_mini_moat, uniq_crazy_yiuf_cottage
D:7:      serial_shops, nicolae_shop_waterfront, uniq_duvessa
D:8:      lemuel_round_altar, grunt_livestock, minmay_misc_feat_nine_boxes

Skill      XL: |  1  2  3  4  5  6  7  8  9 10 |
---------------+-------------------------------+-----
Axes           | 3 4 5 6 8 10 | 10.2
Fighting       | 4 5 6 8 9 |  9.9
Armour         | 4 5 6 7 8 9 |  9.0
Shields        | 4 5 6 |  6.1
Invocations    | 2 3 |  3.1

Action                   |  1- 3 |  4- 6 |  7- 9 | 10-12 || total
-------------------------+-------+-------+-------+-------++-------
Melee: War axe           |   110 |   247 |   335 |       ||   692
       Battleaxe         |       |       |    70 |    10 ||    80
Invok: Lesser Servant of |       |       |       |     1 ||     1
  Use: Potion            |       |     2 |     3 |       ||     5
       Scroll            |       |     4 |     8 |       ||    12
 Stab: Distracted        |       |       |     1 |       ||     1
  Eat: Ration            |     1 |       |       |       ||     1
       Chunk             |       |     7 |    25 |       ||    32
Armor: Scale mail        |    52 |   110 |   130 |     5 ||   297
Dodge: Dodged            |    25 |    87 |   113 |    14 ||   239
Block: Shield            |    50 |   125 |   174 |       ||   349

Table legend:
 A = Spawn XP
 B = Non-spawn XP
 C = Spawn XP percentage of total XP
 D = Spawn monster count
 E = Non-spawn monster count
 F = Spawn count percentage of total count
 G = Total turns spent on level
                    A         B        C        D         E        F      G
               +---------+---------+-------+---------+---------+-------+---------
         Total |       0 |    5250 |   0.0 |       0 |     174 |   0.0 |  9149
               +---------+---------+-------+---------+---------+-------+---------
           D:1 |       0 |      38 |   0.0 |       0 |      23 |   0.0 |  1154
           D:2 |       0 |      84 |   0.0 |       0 |      22 |   0.0 |   826
           D:3 |       0 |     106 |   0.0 |       0 |      24 |   0.0 |  1747
           D:4 |       0 |     831 |   0.0 |       0 |      37 |   0.0 |  1261
           D:5 |       0 |     886 |   0.0 |       0 |      12 |   0.0 |   667
           D:6 |       0 |     255 |   0.0 |       0 |       3 |   0.0 |   900
           D:7 |       0 |    2428 |   0.0 |       0 |      40 |   0.0 |  2002
           D:8 |       0 |     622 |   0.0 |       0 |      13 |   0.0 |   592
               +---------+---------+-------+---------+---------+-------+---------
